 Dungeon Crawl Stone Soup version 0.31.0-11-ge490571c62 (webtiles) character file.

Game seed: 13270719354365779882

3526 firemarshallily the Fighter (level 10, -5/76 HPs)
             Began as an Octopode Berserker on Feb 9, 2024.
             Was an Elder of Trog.
             Slain by an ice beast (7 damage)
             ... on level 8 of the Dungeon.
             The game lasted 00:22:22 (8196 turns).

firemarshallily the Fighter (Octopode Berserker)    Turns: 8196, Time: 00:22:22

Health: -5/76      AC:  1    Str: 24    XL:     10   Next: 8%
Magic:  0/10       EV: 16    Int: 10    God:    Trog [****..]
Gold:   45         SH:  5    Dex: 14    Spells: 9/9 levels left

rFire   . . .        o - +1 hand axe (flame)
rCold   . . .        A - +0 buckler
rNeg    . . .        (helmet restricted)
rPois   .            s - amulet of guardian spirit
rElec   .            v - +6 ring of strength
rCorr   .            (no ring)
SInv    .            (no ring)
Will    .....        (no ring)
Stlth   +++          (no ring)
HPRegen 0.32/turn    (no ring)
MPRegen 0.12/turn    (no ring)
                     (no ring)

%: guardian spirit
@: no status effects
A: almost no armour, amphibious, 8 rings, camouflage 1, gelatinous body 1,
nimble swimmer 1, tentacles
a: Renounce Religion, Berserk, Trog's Hand, Brothers in Arms


You were on level 8 of the Dungeon.
You worshipped Trog.
Trog was greatly pleased with you.
You visited 2 branches of the dungeon, and saw 9 of its levels.

You collected 331 gold pieces.
You spent 286 gold pieces at shops.

Inventory:

Hand Weapons
 o - a +1 hand axe of flaming (weapon)
Missiles
 a - a boomerang
 b - 53 stones (quivered)
 t - 7 throwing nets
 y - 3 curare-tipped darts
Armour
 A - a +0 buckler (worn)
Jewellery
 s - an amulet of guardian spirit (around mantle)
 v - a +6 ring of strength (left tentacle)
Wands
 n - a wand of iceblast (5)
Scrolls
 f - a scroll of vulnerability
 g - 5 scrolls of amnesia {unknown}
 k - 4 scrolls of teleportation
 l - 3 scrolls of poison
 r - 2 scrolls of blinking
 u - a scroll of butterflies
 z - a scroll of fear {unknown}
Potions
 c - a potion of magic {unknown}
 d - 4 potions of curing
 e - 3 potions of brilliance {unknown}
 h - 4 potions of mutation {unknown}
 i - 2 potions of heal wounds {unknown}
 j - a potion of haste {unknown}
 m - a potion of degeneration {unknown}
 p - a potion of attraction {unknown}
 q - a potion of might {unknown}
 w - a potion of ambrosia
 x - 3 potions of invisibility


   Skills:
 * Level 9.9 Fighting
 + Level 7.5 Axes
 + Level 7.2 Dodging
 * Level 4.3 Shields


You had 9 spell levels left.
You didn't know any spells.
Your spell library was empty.

Dungeon Overview and Level Annotations

Branches:
Dungeon (8/15)             Temple (1/1) D:4
   Lair: D:8-11

Altars:
Ashenzari
Cheibriados
Dithmenos
Elyvilon
Fedhas
Gozag
Hepliaklqana
Makhleb
Nemelex Xobeh
Okawaru
Qazlal
Ru
Sif Muna
Trog
Uskayaw
Vehumet
Wu Jian
Xom
Yredelemnul
Zin
The Shining One

Shops:
D:4 [   D:6 !=[!

Annotations:
D:4 2 transporters, lupinibeans's ghost, weakling HOCK


Innate Abilities, Weirdness & Mutations

You cannot wear most types of armour.
You are amphibious.
You can wear up to eight rings at the same time.
Your skin changes colour to match your surroundings (Stealth+).
Your rubbery body absorbs attacks. (AC +1, EV +1)
You are camouflaged when in or above water. (Stealth+)
You have tentacles for arms and can constrict up to eight enemies at once.


Message History

You barely miss the ice beast. The ice beast misses you.
You hit the ice beast.
You melt the ice beast.
The ice beast is lightly wounded.
The ice beast barely misses you.
You slash the ice beast!
You melt the ice beast.
Your tentacle-slap misses the ice beast.
You squeeze the ice beast, but do no damage.
The ice beast is heavily wounded.
The ice beast hits you. The ice beast freezes you!
* * * LOW HITPOINT WARNING * * *
You closely miss the ice beast.
The ice beast is heavily wounded.
The ice beast completely misses you.
You hit the ice beast but do no damage.
The ice beast is heavily wounded.
The ice beast closely misses you.
You closely miss the ice beast. You squeeze the ice beast.
The ice beast is severely wounded.
The ice beast barely misses you.
You closely miss the ice beast.
The ice beast is severely wounded.
The ice beast closely misses you.
You hit the ice beast but do no damage.
The ice beast is severely wounded.
The ice beast hits you.
* * * LOW HITPOINT WARNING * * *
The ice beast freezes you.
* * * LOW HITPOINT WARNING * * *
You barely miss the ice beast. Your squeeze misses the ice beast.
The ice beast is severely wounded.
The ice beast hits you.
* * * LOW HITPOINT WARNING * * *
The ice beast freezes you!
* * * LOW HITPOINT WARNING * * *
You hit the ice beast but do no damage. You squeeze the ice beast!
The ice beast is almost dead.
The ice beast hits you.
* * * LOW HITPOINT WARNING * * *
The ice beast freezes you!
You die...

...........~### ##
...........~≈.######.
............~.......#
............~~.....##
............~.....##
............~~.~..##
.........#...~.~~.)#
......##.~.~.~~..#
.....#..~.~~.@..#
#..~~~~Y.†.#
#..~~~~~~..#
#........
#.~≈.~~....#
#.........
#..≈.~≈...##
##.........
##...≈~..##
#.......... ....~...#
#..........
.....~...#
#....).....
#..........


You could see an ice beast.

Vanquished Creatures
  Jeremiah (D:8)
  A hornet (D:7)
  Prince Ribbit (D:5)
  A wyvern (D:8)
  2 orc warriors
  A black bear (D:4)
  2 sky beasts
  3 ice beasts (D:8)
  A centaur (D:5)
  An ogre (D:5)
  2 phantoms
  A kobold brigand (D:5)
  2 gnoll sergeants (D:7)
  A bullfrog (D:6)
  2 scorpions
  A howler monkey (D:8)
  A bombardier beetle (D:6)
  4 gnoll boudas (D:6)
  7 orc priests
  Crazy Yiuf (D:3)
  4 hounds
  A sleepcap (D:8)
  2 orc wizards
  3 iguanas
  2 centaur simulacra (D:8)
  A killer bee simulacrum (D:8)
  28 gnolls
  6 adders
  2 white imps (D:8)
  An ufetubus (D:8)
  A ribbon worm (D:5)
  2 dart slugs
  27 orcs
  3 endoplasms
  A giant cockroach (D:1)
  5 goblins
  4 hobgoblins
  4 jackals (D:1)
  4 quokkas
  5 ball pythons
  2 bats (D:1)
  3 frilled lizards
  15 kobolds
  10 rats
172 creatures vanquished.

Vanquished Creatures (others)
  A yak (D:8)
  An orc wizard (D:6)
2 creatures vanquished.

Grand Total: 174 creatures vanquished

Notes
Turn   | Place    | Note
-------+----------+-------------------------------------------
     0 | D:1      | firemarshallily the Octopode Berserker began the quest for
                  | the Orb.
     0 | D:1      | Reached XP level 1. HP: 16/16 MP: 1/1
   124 | D:1      | Reached XP level 2. HP: 17/21 MP: 2/2
   565 | D:1      | Reached XP level 3. HP: 21/26 MP: 3/3
   771 | D:2      | Reached ** piety under Trog
  1102 | D:2      | Identified the +0 leather armour of Lethargy {Int+5}
  1288 | D:3      | Reached skill level 4 in Fighting
  1288 | D:3      | Reached XP level 4. HP: 33/33 MP: 4/4
  1445 | D:3      | Found a runed translucent door.
  1446 | D:3      | Noticed Crazy Yiuf
  1660 | D:3      | Found a snail-covered altar of Cheibriados.
  1894 | D:3      | Killed Crazy Yiuf
  1895 | D:3      | Reached XP level 5. HP: 7/38 MP: 0/5
  2063 | D:4      | Noticed a phantom
  2076 | D:4      | Found a transporter.
  2077 | D:4      | Found a transporter.
  2087 | D:4      | Noticed lupinibeans's ghost (weakling HOCK)
  2232 | D:4      | Noticed a black bear
  2243 | D:4      | Found a staircase to the Ecumenical Temple.
  2249 | Temple   | Entered the Ecumenical Temple
  2269 | D:4      | Killed a black bear
  2270 | D:4      | Reached skill level 5 in Fighting
  2270 | D:4      | Reached XP level 6. HP: 31/45 MP: 6/6
  2332 | D:4      | Found Mosack's Armour Shop.
  2518 | D:4      | HP: 1/45 [phantom (7)]
  2746 | D:4      | Reached XP level 7. HP: 19/51 MP: 4/7
  3032 | D:5      | Entered Level 5 of the Dungeon
  3052 | D:5      | Reached skill level 6 in Fighting
  3573 | D:5      | Reached skill level 5 in Axes
  3578 | D:5      | Reached skill level 5 in Dodging
  3589 | D:5      | Reached *** piety under Trog
  3752 | D:5      | Noticed Prince Ribbit
  3766 | D:5      | Killed Prince Ribbit
  3767 | D:5      | Reached skill level 7 in Fighting
  3767 | D:5      | Reached XP level 8. HP: 42/60 MP: 6/8
  4599 | D:6      | Found Nuilirem's Jewellery Shoppe.
  4686 | D:6      | Found Xetwaem's Distillery.
  4861 | D:6      | Reached skill level 8 in Fighting
  4964 | D:6      | Bought a potion of ambrosia for 96 gold pieces
  4964 | D:6      | Bought a potion of curing for 36 gold pieces
  4964 | D:6      | Bought a potion of invisibility for 96 gold pieces
  5295 | D:6      | Found Qowugergh's Distillery.
  5418 | D:6      | Reached XP level 9. HP: 47/67 MP: 5/9
  5552 | D:6      | Reached **** piety under Trog
  5777 | D:6      | Noticed an animated gold dragon scales
  5779 | D:6      | Found Onyhod's Armour Emporium.
  5781 | D:6      | Noticed an animated storm dragon scales
  6014 | D:7      | Reached skill level 1 in Shields
  6079 | D:7      | Noticed a hornet
  6084 | D:7      | Paralysed by a hornet for 3 turns
  6086 | D:7      | Killed a hornet
  6087 | D:7      | Reached skill level 9 in Fighting
  6885 | D:6      | Bought a +0 buckler for 58 gold pieces
  7554 | D:8      | Noticed Jeremiah
  7559 | D:8      | Killed Jeremiah
  7968 | D:8      | Reached XP level 10. HP: 52/75 MP: 7/10
  8196 | D:8      | HP: 2/76 [ice beast (3)]
  8196 | D:8      | Slain by an ice beast

Illustrated notes

Levels and vault maps discovered:
D:1:      dpeg_arrival_tiny_b, layout_rooms, minmay_tiny_reverse_x
D:2:      layout_basic, chequers_serial_rivers_small_3, due_unseen_surprise
D:3:      layout_basic, kennysheep_slug_shrine, chequers_mini_garden,
          uniq_crazy_yiuf_cottage
D:4:      layout_cave_pools, minmay_temple_entry_enclosed_plants,
          gammafunk_ghost_gnarly_gnolls, serial_shops, shop
D:5:      layout_gridville, serial_rivers, chequers_serial_rivers_room_b,
          chequers_serial_rivers_micro_c, chequers_serial_rivers_micro_c,
          chequers_serial_rivers_large_b, chequers_serial_rivers_small_b,
          lexackson_kobold_supper, uniq_prince_ribbit1
D:6:      layout_loops_ring, serial_shops, nicolae_shop_back_alley_shop,
          nicolae_stop_n_shop_1, nicolae_shop_mannequins, nicolae_stop_n_shop_1,
          bh_walls_and_bars
D:7:      layout_layer_cave
D:8:      layout_cave_pods, nicolae_kikubaaqudgha_miasma_corner, serial_ice,
          serial_ice_k, serial_ice_o, serial_ice_m, serial_ice_h, serial_ice_b,
          serial_ice_g, grunt_ministairs_11, uniq_jeremiah
Temple:   nicolae_temple_bog_church

Skill      XL: |  1  2  3  4  5  6  7  8  9 10 |
---------------+-------------------------------+-----
Fighting       | 4 5 7 8 9 |  9.9
Axes           | 4 5 6 7 |  7.5
Dodging        | 4 5 6 7 |  7.2
Shields        | 3 4 |  4.3

Action                     |  1- 3 |  4- 6 |  7- 9 | 10-12 || total
---------------------------+-------+-------+-------+-------++-------
  Melee: Hand axe          |    59 |    77 |   258 |    22 ||   416
         Constrict         |    18 |    18 |    74 |     1 ||   111
         Tentacles         |    14 |    13 |    52 |     9 ||    88
         Punch             |     1 |       |     5 |     2 ||     8
  Throw: Stone             |     1 |     1 |     8 |     2 ||    12
         Boomerang         |       |       |     5 |       ||     5
         Dart              |       |       |     4 |       ||     4
 Invoke: Berserk           |       |     1 |       |       ||     1
         Trog's Hand       |       |     1 |       |       ||     1
  Evoke: Wand              |       |       |     4 |       ||     4
    Use: Potion            |       |     1 |       |       ||     1
         Scroll            |       |       |     5 |       ||     5
   Stab: Sleeping          |     4 |     5 |    11 |     1 ||    21
         Distracted        |       |       |     1 |       ||     1
 Armour: Skin              |    33 |    49 |   131 |    11 ||   224
  Dodge: Dodged            |    46 |    33 |   148 |    15 ||   242
  Block: Buckler           |       |       |     6 |     2 ||     8
